cohdb
Replays
Latest Replays
All Replays
Popular Replays
Top Player Replays
Match Explorer
How It Works
Community
CoH3 Stats
Reddit
Sign in to upload your games and track your stats! →
Sign in with Steam
Match 44799033
Unlisted
Match 44799033
Overview
Messages
Build Orders
End
Engineer Squad
Construct Barracks
Selects Heavy Weapons
Construct Weapon Support Center
M1919 Machine Gun Team
M1919 Machine Gun Team
M1919 Machine Gun Team
Air Support Center
Selects Assault Carriers
P-47 Strafing Run
M3 Assault Carrier
Grasshopper Recon Run
M3 Assault Carrier
P-47 Strafing Run
Bazooka Squad
Construct Barracks
Selects M2HB .50cal Heavy Machine Gun
Selects Exchangeable Parts
M3 Assault Carrier
Riflemen Squad
Construct Medical Station
lubi
this profile name wasn't taken
Commander Z
When does the narwhal le bacon
Gatom
Friar F***
0
0
Comments
sign in to comment!
No comments posted yet!